 Dungeon Crawl Stone Soup version 0.26-a0-651-gb41185065b (webtiles) character file.

Game seed: 2194765512767445156

175 Lanoc the Ruffian (level 5, -13/49 HPs)
             Began as a Troll Transmuter on Sept 30, 2020.
             Was a Follower of Uskayaw.
             Mangled by an ogre
             ... wielding a +0 giant spiked club
              (15 damage)
             ... on level 4 of the Dungeon.
             The game lasted 00:01:22 (639 turns).

Lanoc the Ruffian (Troll Transmuter)                 Turns: 639, Time: 00:01:23

Health: -13/49     AC:  7    Str: 18    XL:     5   Next: 29%
Magic:  2/5        EV: 10    Int: 10    God:    Uskayaw [*.....]
Gold:   42         SH:  0    Dex: 10    Spells: 3/6 levels left

rFire    . . .     SeeInvis .     - Unarmed
rCold    . . .     Faith    .   (no shield)
rNeg     . . .     Spirit   .   b - +0 robe (curse)
rPois    .         Reflect  .   (helmet currently unavailable)
rElec    .         Harm     .   a - +0 cloak
rCorr    .         Rampage  .   (gloves unavailable)
MR       .....                  (boots unavailable)
Stlth    +.........             (no amulet)
HPRegen  0.56/turn              (no ring)
MPRegen  0.09/turn              (no ring)

@: appendages (expiring), wereblooded
A: large, unfitting armour, claws 3, horns 2, talons 2, regeneration 1, shaggy
fur 1, tough skin 3
a: End Transformation, Stomp, Renounce Religion


You were on level 4 of the Dungeon.
You worshipped Uskayaw.
Uskayaw was noncommittal.
You had grown temporary horns.
You had grown temporary talons.
You visited 1 branch of the dungeon, and saw 4 of its levels.

You collected 42 gold pieces.

Inventory:

Armour
 a - a +0 cloak (worn)
 b - a cursed +0 robe (worn)
Scrolls
 d - a scroll of remove curse {unknown}
 e - a scroll of identify {unknown}
Potions
 c - a potion of curing {unknown}
 f - 2 potions of heal wounds {unknown}


   Skills:
 + Level 1.9 Fighting
 + Level 2.4 Dodging
 * Level 4.4 Unarmed Combat
 - Level 1.2 Spellcasting
 + Level 2.2 Transmutations


You had 3 spell levels left.
You knew the following spells:

 Your Spells              Type           Power        Failure   Level
a - Beastly Appendage     Tmut           #.....       14%         1
b - Wereblood             Tmut           #.......     21%         2

Your spell library contained the following spells:

 Spells                   Type           Power        Failure   Level
 Spider Form              Tmut/Pois      #.........   54%         3
 Ice Form                 Ice/Tmut       #.......     91%         4
 Blade Hands              Tmut           #.........   98%         5


Dungeon Overview and Level Annotations

Branches:
Dungeon (4/15)
 Temple: D:4-7

Altars:
Dithmenos
Makhleb
Nemelex Xobeh
Qazlal
Uskayaw


Innate Abilities, Weirdness & Mutations

You are too large for most types of armour.
You have claws for hands.
Your natural rate of healing is unusually fast.
You are covered in fur. (AC +1)
You have extremely tough skin. (AC +3)
You have a pair of horns on your head.
You have razor-sharp toenails.


Message History

Casting: Wereblood (safe; 21% risk of failure)
Confirm with . or Enter, or press ? or * to list all spells.
You grow a pair of large bovine horns.
Your feet morph into talons.
Casting: Beastly Appendage (safe; 14% risk of failure)
Confirm with . or Enter, or press ? or * to list all spells.
Your blood is infused with primal strength.
Your transformation is almost over.
The ogre hits you with a +0 giant spiked club!!
Ouch! That really hurt!
You are too injured to fight recklessly!
You are too injured to fight recklessly!
You barely miss the ogre. Your claw misses the ogre. You claw the ogre!
You claw the ogre, but do no damage.
The ogre is heavily wounded.
The ogre hits you with a +0 giant spiked club!!
* * * LOW HITPOINT WARNING * * *
You scratch the ogre. You claw the ogre. Your headbutt misses the ogre.
The ogre is severely wounded.
The ogre hits you with a +0 giant spiked club!
You die...

#.# #.# #.# #.#
#.#####.#########
#.........).....#####
######.#####........
#.......#.###.#
#.####@.#.#
########.# #O.#.###
.........# ##..#...
########.###......#
#.##..#..#.#
#....###...#
#.##..#....#
#.###...#..# #.#
##.##..#


You could see an ogre.

Vanquished Creatures
  A howler monkey (D:4)
  A hound (D:4)
  2 orc wizards (D:3)
  An adder (D:3)
  An ooze (D:3)
  A worm (D:3)
  2 leopard geckos (D:2)
  3 orcs
  2 bats (D:3)
  A giant cockroach (D:2)
  2 hobgoblins (D:3)
  2 jackals (D:3)
  A quokka (D:3)
  3 goblins
  3 kobolds
  5 rats
31 creatures vanquished.

Notes
Turn   | Place    | Note
-------+----------+-------------------------------------------
     0 | D:1      | Lanoc the Troll Transmuter began the quest for the Orb.
     0 | D:1      | Reached XP level 1. HP: 18/18 MP: 1/1
    23 | D:2      | Reached skill level 1 in Fighting
    63 | D:2      | Reached XP level 2. HP: 27/27 MP: 2/2
   225 | D:3      | Found a burning altar of Makhleb.
   225 | D:3      | Found a sparkling altar of Nemelex Xobeh.
   231 | D:3      | Reached XP level 3. HP: 25/33 MP: 0/3
   242 | D:3      | Reached skill level 4 in Unarmed Combat
   242 | D:3      | Reached XP level 4. HP: 27/41 MP: 1/4
   275 | D:3      | Found a shadowy altar of Dithmenos.
   277 | D:3      | Found a faded altar of an unknown god.
   279 | D:3      | Found a stormy altar of Qazlal.
   283 | D:3      | Became a worshipper of Uskayaw the Reveler
   283 | D:3      | Reached * piety under Uskayaw
   554 | D:4      | Learned a level 2 spell: Wereblood
   590 | D:4      | Reached ** piety under Uskayaw
   591 | D:4      | Reached XP level 5. HP: 46/49 MP: 1/5
   591 | D:4      | Reached *** piety under Uskayaw
   594 | D:4      | Reached **** piety under Uskayaw
   632 | D:4      | Noticed an ogre
   638 | D:4      | HP: 2/49 [ogre/+0 giant spiked club (20)]
   639 | D:4      | Mangled by an ogre

Illustrated notes

Levels and vault maps discovered:
D:1:      dpeg_arrival_tiny_i, layout_rooms, minmay_tromino_v2
D:2:      layout_rooms, kennysheep_slug_shrine
D:3:      layout_rooms, chequers_temple_overflow_minitemple
D:4:      layout_loops_ring, serial_bayou_pond_e

Skill      XL: |  1  2  3 |
---------------+----------+-----
Fighting       | 1 |  1.9
Dodging        | 2 |  2.4
Unarmed Combat | 4 |  4.4
Transmutations | 2 |  2.2
Spellcasting   | |  1.2

Action                   |  1- 3 |  4- 6 || total
-------------------------+-------+-------++-------
Melee: Unarmed           |    77 |    31 ||   108
       Kick              |     5 |     6 ||    11
       Headbutt          |     2 |     1 ||     3
       Punch             |     1 |       ||     1
 Cast: Beastly Appendage |     4 |     5 ||     9
       Wereblood         |       |     2 ||     2
Armor: Robe              |    58 |     8 ||    66
Dodge: Dodged            |    74 |    13 ||    87

Table legend: (Time is in decaauts)
 A = Elapsed time spent in this place.
 B = Non-inter-level travel time spent in this place.
 C = Inter-level travel time spent in this place.
 D = Time resting spent in this place.
 E = Time spent auto-exploring this place.
 F = Levels seen in this place.
 G = Mean time per level.
                   A        B        C        D        E       F      G
               +--------+--------+--------+--------+--------+-----+--------+
         Total |    631 |    617 |     14 |      0 |    411 |   4 |  157.8 |
       Dungeon |    631 |    617 |     14 |      0 |    411 |   4 |  157.8 |
               +--------+--------+--------+--------+--------+-----+--------+

Top non-repeatable levels by time:
     D:3: 476 daAuts
     D:4: 88 daAuts
     D:2: 64 daAuts
     D:1: 2 daAuts
